 Dungeon Crawl Stone Soup version 0.22.1-1-ga44c0e56f4 (webtiles) character file.

33 JedernureinKreuz the Conjurer (level 3, -6/26 HPs)
             Began as a Demigod Conjurer on Sept 21, 2018.
             Killed from afar by Sigmund (12 damage)
             ... with a puff of flame
             ... on level 2 of the Dungeon.
             The game lasted 00:03:46 (929 turns).

JedernureinKreuz the Conjurer (Demigod Conjurer)     Turns: 929, Time: 00:03:46

Health: -6/26      AC: 10    Str: 11    XL:     3   Next: 0%
Magic:  0/8        EV: 12    Int: 21    God:
Gold:   38         SH:  0    Dex: 16    Spells: 4/5 levels left

rFire    . . .     SeeInvis .   i - +0 short sword (protect)
rCold    . . .     Gourm    .   (no shield)
rNeg     . . .     Faith    .   a - +0 robe
rPois    .         Spirit   .   (no helmet)
rElec    .         Reflect  .   (no cloak)
rCorr    .         Harm     .   (no gloves)
MR       .....                  j - +0 pair of boots
Stlth    ++........             (no amulet)
HPRegen  0.08/turn              (no ring)
MPRegen  0.11/turn              (no ring)

@: protection aura
A: high mp 1
a: no special abilities


You were on level 2 of the Dungeon.
You were hungry.

You visited 1 branch of the dungeon, and saw 2 of its levels.

You collected 38 gold pieces.

Inventory:

Hand Weapons
 b - a +0 dagger
 i - a +0 short sword of protection (weapon)
Missiles
 m - 27 arrows
 n - 3 tomahawks (quivered)
Armour
 a - a +0 robe (worn)
 j - a +0 pair of boots (worn)
Scrolls
 h - a scroll of amnesia {unknown}
 k - a scroll of remove curse {unknown}
Potions
 d - a potion of invisibility {unknown}
 e - a potion of curing {unknown}
 g - a potion of might {unknown}
 l - a potion of resistance {unknown}
Comestibles
 c - 3 rations


   Skills:
 + Level 0.5 Short Blades
 + Level 1.9 Dodging
 + Level 2.0 Stealth
 + Level 1.8 Spellcasting
 + Level 4.2 Conjurations


You had 4 spell levels left.
You knew the following spells:

 Your Spells              Type           Power        Failure   Level  Hunger
a - Magic Dart            Conj           ###.         2%          1    #......

Your spell library contained the following spells:

 Spells                   Type           Power        Failure   Level  Hunger
 Searing Ray              Conj           ###...       4%          2    ###....
 Dazzling Spray           Conj/Hex       ##....       19%         3    ###....
 Iskenderun's Mystic Bla  Conj           ###.....     26%         4    #####..
 Force Lance              Conj/Tloc      ##......     52%         4    #####..
 Fulminant Prism          Conj/Hex       ##........   52%         4    #####..


Dungeon Overview and Level Annotations

Branches:
Dungeon (2/15)

Annotations:
D:2 Sigmund


Innate Abilities, Weirdness & Mutations

You have an increased reservoir of magic. (+10% MP)


Message History

You hit Sigmund.
Sigmund is severely wounded.
Sigmund casts a spell at you. You resist with some effort.
You hit Sigmund.
Sigmund is almost dead.
Sigmund barely misses you.
Casting: Magic Dart (safe; 2% risk of failure)
Confirm with . or Enter, or press ? or * to list all spells.
Aiming: Magic Dart (safe; 2% risk of failure)
Press: ? - help, Shift-Dir - straight line, f/p - Sigmund
Aim: Sigmund, wielding a scythe and wearing a robe (almost dead)
The magic dart hits Sigmund.
Sigmund is almost dead.
All of the chunks of flesh in your inventory have rotted away.
You closely miss Sigmund.
Sigmund is almost dead.
Sigmund points at you and mumbles some strange words.
The puff of flame hits you!
You die...

.. #. ..# #. ... ###.###
#.# #.....# #.# #.....#
####.# #.....# ##.##.#
####....%#########...#.#
+......@................
####..@#.#########...#.#
##.##.# ##.##.# ... ...
####.# #.# ##..# ... #.
#..# #.# # #..# ### ?..#


You could see Sigmund.

Vanquished Creatures
  An ooze (D:1)
  A leopard gecko (D:1)
  A ball python (D:1)
  4 bats (D:1)
  4 goblins (D:1)
  3 hobgoblins (D:1)
  4 kobolds
  A quokka (D:2)
  6 frilled lizards
  4 rats
29 creatures vanquished.

Notes
Turn   | Place    | Note
-------+----------+-------------------------------------------
     0 | D:1      | JedernureinKreuz the Demigod Conjurer began the quest for
                  | the Orb.
     0 | D:1      | Reached XP level 1. HP: 14/14 MP: 5/5
   104 | D:1      | Reached skill level 4 in Conjurations
   104 | D:1      | Reached XP level 2. HP: 10/20 MP: 1/7
   908 | D:2      | Reached XP level 3. HP: 26/26 MP: 5/8
   909 | D:2      | Noticed Sigmund
   929 | D:2      | Killed from afar by Sigmund

Skill      XL: |  1  2 |
---------------+-------+-----
Conjurations   | 4 |  4.2
Stealth        | 2 |  2.0
Short Blades   | |  0.5
Dodging        | |  1.9
Spellcasting   | |  1.8

Action                   || total
-------------------------++-------
Melee: Dagger            ||    12
       Short sword       ||    38
 Cast: Magic Dart        ||    39
 Stab: Sleeping          ||     3
Armor: Robe              ||    21
Dodge: Dodged            ||    32
